 Dungeon Crawl Stone Soup version 0.21.1-1-g345015f (webtiles) character file.

3209 diana the Slicer (level 9, -2/63 HPs)
             Began as an Octopode Berserker on July 25, 2018.
             Was a High Priest of Trog.
             Killed from afar by TheNamelessOne's ghost (35 damage)
             ... with a blast of rock fragments
             ... on level 8 of the Dungeon.
             The game lasted 00:19:48 (7562 turns).

diana the Slicer (Octopode Berserker)               Turns: 7562, Time: 00:19:49

Health: -2/63      AC:  1    Str: 16    XL:     9   Next: 97%
Magic:  8/8        EV: 19    Int:  8    God:    Trog [*****.]
Gold:   301        SH:  0    Dex: 14    Spells: 8/8 levels left

rFire    . . .     SeeInvis .   u - +2 rapier (venom)
rCold    . . .     Gourm    .   (no shield)
rNeg     . . .     Faith    +   (helmet restricted)
rPois    .         Spirit   .   j - amulet of faith
rElec    .         Reflect  .   (no ring)
rCorr    .         Harm     .   (no ring)
MR       .....                  (no ring)
Stlth    ++........             (no ring)
HPRegen  0.20/turn              (no ring)
MPRegen  0.11/turn              (no ring)
                                (no ring)
                                (no ring)

@: glowing
A: almost no armour, stealthy swim, amphibious, 8 rings, constrict 8, repulsion
field 1, camouflage 1, dopey 1, low mp 1, gelatinous body 1
a: Berserk, Trog's Hand, Brothers in Arms, Burn Spellbooks, Renounce Religion


You were on level 8 of the Dungeon.
You worshipped Trog.
Trog was extremely pleased with you.
You were not hungry.

You visited 1 branch of the dungeon, and saw 8 of its levels.
You also visited: Ossuary.

You collected 301 gold pieces.

Inventory:

Hand Weapons
 l - a +2 dagger of venom
 u - a +2 rapier of venom (weapon)
 E - a +3 dagger of freezing
Jewellery
 j - an amulet of faith (around mantle)
Wands
 q - a wand of digging (11)
 s - a wand of flame (22)
 C - a wand of polymorph (12)
Scrolls
 a - 2 scrolls of fear
 d - a scroll of random uselessness {unknown}
 h - 5 scrolls of remove curse
 k - 5 scrolls of immolation {unknown}
 n - a scroll of magic mapping {unknown}
 p - a scroll of enchant armour {unknown}
 r - 2 scrolls of enchant weapon {unknown}
 t - a scroll of blinking {unknown}
 w - 3 scrolls of fog {unknown}
 y - a scroll of amnesia {unknown}
 B - a scroll of noise {unknown}
Potions
 c - a potion of mutation
 f - 2 potions of agility
 g - 2 potions of invisibility
 i - a potion of heal wounds
 o - 5 potions of curing
 x - 3 potions of haste {unknown}
 z - 4 potions of flight {unknown}
 A - 2 potions of ambrosia {unknown}
 D - 2 potions of magic {unknown}
Comestibles
 b - 7 rations


   Skills:
 + Level 6.7 Fighting
 * Level 9.2 Short Blades
 + Level 6.8 Dodging
 + Level 8.6 Stealth


You had 8 spell levels left.
You didn't know any spells.

Dungeon Overview and Level Annotations

Branches:
Dungeon (8/15)             Temple (0/1) D:5
   Lair: D:8-11

Altars:
Ashenzari

Shops:
D:4 [

Annotations:
D:7 Salamander's ghost, novice TrBe
D:8 TheNamelessOne's ghost, novice BaEE


Innate Abilities, Weirdness & Mutations

You cannot wear most types of armour.
You are very stealthy in the water. (Stealth+)
You are amphibious.
You can wear up to eight rings at the same time.
You can use your tentacles to constrict eight enemies at once.
Your skin changes colour to match your surroundings (Stealth+).
Your rubbery body absorbs attacks. (AC +1, EV +1)
You are surrounded by a mild repulsion field. (EV +2)
You are dopey. (Int -2)
Your magical capacity is low. (-10% MP)


Message History

You are outlined in light.
The spellbook bursts into flames.
Trog is delighted!
You hit the gnoll. Your grab misses the gnoll.
The gnoll is moderately wounded.
You barely miss the gnoll. You grab the gnoll. You squeeze the gnoll.
The gnoll is heavily wounded.
You constrict the gnoll. The gnoll misses you.
You hit the gnoll.
The gnoll is poisoned.
The gnoll is almost dead.
You constrict the gnoll, but do no damage.
You kill the gnoll!
Trog accepts your kill.
An orc wizard comes into view. It is wielding a dagger.
TheNamelessOne's ghost gestures at you while chanting.
The stone arrow hits you!
Found 11 gold pieces.
TheNamelessOne's ghost casts a spell at the orc.
The wall shatters!
The blast of rock fragments hits you!
Ouch! That really hurt!
You die...

...........# #####..
..........### .......
##.........#
....$..######......).#..
.............!..........
#..... #......†...###
#.....## #....o..%.....
#......###.o........###
#.....@..goW.†......#
#..<..###...........#
#..... #...#########
#....## #...# #.###
#.#...# # ##.###....
#..# #### #.## #.#


You could see a gnoll shaman, TheNamelessOne's ghost and 2 orcs.

Vanquished Creatures
  The ghost of tester123 the Skirmisher, an amateur HOFi (D:4)
  Grinder (D:5)
  Eustachio (D:6)
  A water moccasin (D:8)
  2 orc warriors
  2 phantoms
  A black bear (D:7)
  4 ogres
  2 centaurs
  6 bullfrogs
  A scorpion (D:6)
  2 crimson imps
  4 orc priests
  2 orc wizards
  Crazy Yiuf (D:2)
  4 hounds
  A bullfrog skeleton (D:8)
  3 centaur skeletons
  A gnoll shaman (D:5)
  Ijyb (D:5)
  Terence (D:3)
  3 iguanas
  4 worker ants
  A mummy (Ossuary)
  10 gnolls
  14 adders
  A shadow imp (D:7)
  2 adder skeletons
  4 worms
  2 dart slugs (D:2)
  3 leopard geckos
  19 orcs
  4 bats
  7 giant cockroaches
  5 gnoll zombies (Ossuary)
  7 hobgoblins
  17 jackals
  4 quokkas
  4 ball pythons
  2 frilled lizards (D:2)
  5 gnoll skeletons (Ossuary)
  7 goblins
  3 goblin skeletons (Ossuary)
  2 goblin zombies (Ossuary)
  2 hobgoblin skeletons (Ossuary)
  A hobgoblin zombie (Ossuary)
  A jackal skeleton (D:6)
  7 kobolds
  3 kobold skeletons (Ossuary)
  A kobold zombie (Ossuary)
  2 orc skeletons (Ossuary)
  2 orc zombies (Ossuary)
  5 rats (D:1)
  A rat skeleton (Ossuary)
  2 rat zombies (Ossuary)
199 creatures vanquished.

Vanquished Creatures (others)
  Menkaure (Ossuary)
  2 mummies (Ossuary)
  An adder (D:3)
  A gnoll zombie (Ossuary)
  2 goblin skeletons (Ossuary)
  2 goblin zombies (Ossuary)
  A hobgoblin skeleton (Ossuary)
  A hobgoblin zombie (Ossuary)
  2 kobold skeletons (Ossuary)
  3 kobold zombies (Ossuary)
  2 orc skeletons (Ossuary)
  3 orc zombies (Ossuary)
  2 rat skeletons (Ossuary)
  2 rat zombies (Ossuary)
25 creatures vanquished.

Grand Total: 224 creatures vanquished

Notes
Turn   | Place    | Note
-------+----------+-------------------------------------------
     0 | D:1      | diana the Octopode Berserker began the quest for the Orb.
     0 | D:1      | Reached XP level 1. HP: 16/16 MP: 1/1
   103 | D:1      | Reached XP level 2. HP: 21/21 MP: 2/2
   107 | D:1      | Reached skill level 1 in Stealth
   327 | D:1      | Reached XP level 3. HP: 16/26 MP: 3/3
   489 | D:1      | Reached ** piety under Trog
  1203 | D:2      | Reached XP level 4. HP: 31/31 MP: 4/4
  1371 | D:2      | Reached skill level 4 in Short Blades
  1376 | D:2      | Reached XP level 5. HP: 25/36 MP: 5/5
  1406 | D:2      | Found a runed door.
  1611 | D:2      | Noticed Crazy Yiuf
  1615 | D:2      | Killed Crazy Yiuf
  1753 | D:3      | Reached *** piety under Trog
  1896 | D:3      | Reached XP level 6. HP: 13/43 MP: 6/6
  2225 | D:3      | Noticed Terence
  2237 | D:3      | Killed Terence
  2603 | D:4      | Reached skill level 5 in Short Blades
  2708 | D:4      | Found Ohej's Armour Emporium.
  2753 | D:4      | Noticed tester123's ghost (amateur HOFi)
  2760 | D:4      | Found a sand-covered staircase.
  2765 | Ossuary  | Entered an ossuary
  2858 | Ossuary  | Killed Menkaure
  2959 | Ossuary  | Reached **** piety under Trog
  3267 | D:4      | Killed tester123's ghost
  3267 | D:4      | Reached XP level 7. HP: 42/49 MP: 7/7
  3744 | D:5      | Entered Level 5 of the Dungeon
  3744 | D:5      | Noticed Ijyb
  3751 | D:5      | Killed Ijyb
  3780 | D:5      | Noticed Grinder
  3794 | D:5      | Paralysed by Grinder for 6 turns
  4110 | D:5      | Reached skill level 6 in Short Blades
  4110 | D:5      | Reached skill level 5 in Stealth
  4212 | D:5      | HP: 2/49 [phantom (8)]
  4432 | D:5      | Reached XP level 8. HP: 54/54 MP: 8/8
  4490 | D:5      | Reached skill level 5 in Fighting
  4490 | D:5      | Reached skill level 5 in Dodging
  4608 | D:5      | Killed Grinder
  4779 | D:5      | Reached skill level 7 in Short Blades
  5696 | D:5      | Found a staircase to the Ecumenical Temple.
  5812 | D:6      | Reached XP level 9. HP: 31/62 MP: 9/9
  6250 | D:6      | Reached skill level 8 in Short Blades
  6394 | D:6      | Noticed Eustachio
  6396 | D:6      | Killed Eustachio
  6432 | D:6      | Found a shattered altar of Ashenzari.
  6648 | D:7      | Reached ***** piety under Trog
  6847 | D:7      | Noticed Salamander's ghost (novice TrBe)
  6859 | D:7      | HP: 3/63 [Salamander's ghost (19)]
  6868 | D:7      | HP: 3/63 [hound (5)]
  7025 | D:7      | Reached skill level 9 in Short Blades
  7171 | D:6      | Gained mutation: Your muscles are strong. (Str +2) [potion of mutation]
  7171 | D:6      | Gained mutation: You occasionally shout uncontrollably at your foes. [potion of mutation]
  7171 | D:6      | Gained mutation: Your spells are a little harder to cast, but a little more powerful. [potion of mutation]
  7172 | D:6      | Lost mutation: Your spells are a little harder to cast, but a little more powerful. [potion of mutation]
  7172 | D:6      | Lost mutation: Your muscles are strong. (Str +2) [potion of mutation]
  7172 | D:6      | Lost mutation: You occasionally shout uncontrollably at your foes. [potion of mutation]
  7172 | D:6      | Gained mutation: You are dopey. (Int -2) [potion of mutation]
  7172 | D:6      | Gained mutation: Your magical capacity is low. (-10% MP) [potion of mutation]
  7172 | D:6      | Gained mutation: You are surrounded by a mild repulsion field. (EV +2) [potion of mutation]
  7285 | D:8      | Noticed TheNamelessOne's ghost (novice BaEE)
  7562 | D:8      | Killed from afar by TheNamelessOne's ghost

Skill      XL: |  1  2  3  4  5  6  7  8  9 |
---------------+----------------------------+-----
Stealth        | 1 2 3 4 5 6 8 |  8.6
Short Blades   | 4 5 6 7 9 |  9.2
Fighting       | 4 5 6 |  6.7
Dodging        | 4 5 6 |  6.8

Action                   |  1- 3 |  4- 6 |  7- 9 || total
-------------------------+-------+-------+-------++-------
Melee: Short sword       |    50 |       |       ||    50
       Constrict         |    23 |    43 |    47 ||   113
       Tentacles         |    12 |    46 |    52 ||   110
       Dagger            |    30 |   143 |       ||   173
       Rapier            |       |    15 |   240 ||   255
Invok: Berserk           |     1 |     1 |     3 ||     5
       Trog's Hand       |       |     2 |     6 ||     8
       Burn Spellbooks   |       |       |     3 ||     3
  Use: Scroll            |       |     7 |     7 ||    14
       Potion            |       |       |     4 ||     4
 Stab: Sleeping          |     4 |    10 |    18 ||    32
       Distracted        |       |     1 |     3 ||     4
  Eat: Chunk             |     2 |     5 |    11 ||    18
       Ration            |       |     1 |     2 ||     3
Armor: Skin              |     7 |     1 |     8 ||    16
Dodge: Dodged            |    67 |    61 |   144 ||   272
